[Event "*** Titled Tuesday Blitz"]
[Site "Chess.com"]
[Date "2018.10.02"]
[Round "1"]
[White "TST2014"]
[Black "GHANDEEVAM2003"]
[Result "0-1"]
[WhiteElo "2471"]
[BlackElo "2901"]
[TimeControl "180+2"]
[EndTime "13:07:23 PDT"]
[Termination "GHANDEEVAM2003 won by resignation"]

1. d4 d5 2. c4 e6 3. Nf3 c6 4.
Qc2 Nf6 5. g3 Bd6 6. Bg2 O-O 7.
O-O b6 8. Nbd2 Bb7 9. b3 a5 10. a3 Na6 11. Bb2 Rc8 12. e4 dxe4 13. Nxe4 Nxe4 14.
Qxe4 Qe7 15. Rfe1 Rfe8 16. h4 c5 17. Qg4 f5 18. Qg5 cxd4 19. Qxe7 Rxe7 20. Bxd4 Nc5 21. Rab1 Be4 22. Rbd1 Nxb3 23. Bxb6 Bxa3 24. Ng5 Bxg2 25. Kxg2 Bc5 26. Rd8+ Rxd8 27. Bxd8 Re8 28. Bc7 a4 29. Rxe6 Rxe6 30. Nxe6 a3 31. Nxc5 Nxc5 32. Be5 Kf7 33. Kf3 a2 34. Bc3 g6 35. Kf4 Ke6 36. f3 h6 37. g4 fxg4 38. fxg4 g5+ 39. hxg5 hxg5+ 40. Ke3 Nb3 41. c5 Nxc5 42. Kd2 a1=Q 43. Bxa1 Nb3+ 44. Kc3 Nxa1 45. Kb2 Ke5 46. Kxa1 Kf4 47.
Kb2 Kxg4 48. Kc2 Kf3 49. Kd2 Kf2 50. Kd3 g4 51. Ke4 g3 52. Kf4 g2 53. Ke4 g1=Q 0-1

[Event "*** Titled Tuesday Blitz"]
[Site "Chess.com"]
[Date "2018.10.02"]
[Round "1"]
[White "ahmadzada13"]
[Black "saraswathii"]
[Result "1-0"]
[WhiteElo "2618"]
[BlackElo "2314"]
[TimeControl "180+2"]
[EndTime "13:07:24 PDT"]
[Termination "ahmadzada13 won by resignation"]

1. e4 c5 2. Nf3 e6 3. d4 cxd4 4. Nxd4 Nf6 5. Nc3 Nc6 6. Ndb5 Bb4 7. a3 Bxc3+ 8. Nxc3 d5 9. exd5 exd5 10. Bd3 d4 11. Ne2 O-O 12. O-O Bg4 13. f3 Be6 14. Bg5 h6 15. Bh4 Rc8 16. Bf2 Qd6 17. c3 Nd5 18. Nxd4 Nxd4 19. Bxd4 Nf4 20. Rf2 Nxd3 21.
Qxd3 Bc4 22. Qd2 b6 23. f4 Rfe8 24. f5 f6 25. Re1 Rxe1+ 26. Qxe1 Qd7 27. Qd1 Re8 28.
h3 Re4 29. Kh2 Qd6+ 30. Kg1 Qg3 31. b3 Bd3 32. Qd2 Re8 33. c4 Bb1 34. b4 Qxa3 35. Bxf6 gxf6 36. Rf3 Qa1 37. Rg3+ Kf7 38. Qd7+ Re7 39.
Qd5+ 1-0

[Event "*** Titled Tuesday Blitz"]
[Site "Chess.com"]
[Date "2018.10.02"]
[Round "1"]
[White "Anton_Demchenko"]
[Black "sergeikim"]
[Result "1-0"]
[WhiteElo "2827"]
[BlackElo "2452"]
[TimeControl "180+2"]
[EndTime "13:07:28 PDT"]
[Termination "Anton_Demchenko won by resignation"]

1. e4 e5 2. Nf3 Nc6 3. Bc4 Bc5 4. d3 Nf6 5. Bg5 d6 6. Nbd2 Qe7 7. a4 a6 8. c3 Ba7 9. O-O Nd8 10. d4 Ne6 11. Bh4 Nf4 12. Re1 Ng6 13. Bg3 O-O 14. Nf1 Bg4 15. Ne3 Bxf3 16. Qxf3 exd4 17. Nf5 Qd7 18. cxd4 Rae8 19. Bd3 Re6 20. Bc4 Ree8 21. b3 Bb8 22. Rad1 c6 23. e5 Nd5 24. Bxd5 cxd5 25. exd6 Re6 26.
Qxd5 Rfe8 27. Re3 Nf8 28. Qf3 Rf6 29. Rxe8 Qxe8 30. Qg4 Ng6 31. d7 Qd8 32. Bxb8 Qxb8 33. Rc1 Rc6 34. Rxc6 bxc6 35. Qe4 Kf8 36. Qxc6 1-0

[Event "*** Titled Tuesday Blitz"]
[Site "Chess.com"]
[Date "2018.10.02"]
[Round "1"]
[White "Gubajdullin"]
[Black "joppie2"]
[Result "0-1"]
[WhiteElo "2342"]
[BlackElo "2663"]
[TimeControl "180+2"]
[EndTime "13:07:28 PDT"]
[Termination "joppie2 won by resignation"]

1. d4 Nf6 2. Bf4 d5 3. e3 c5 4.
c3 Nc6 5. Nd2 e6 6. Ngf3 Be7 7.
Bd3 O-O 8. Ne5 Nd7 9. Qh5 g6 10.
Qh6 Bf6 11. Nxc6 bxc6 12. Bd6 cxd4 13. Bxf8 dxe3 14. Qxe3 Nxf8 15. Nf3 Rb8 16. Rb1 Qa5 17.
Rg1 c5 18. Qd2 Qxa2 19. b4 Qa3 20. Rc1 c4 21. Be2 a5 22. bxa5 Rb2 23. Qe3 Qxa5 24. Nd4 e5 25. Nc6 Qc7 26. Nb4 d4 27. Nd5 Qd6 28.
Qf3 Bg5 29. Ra1 d3 30. Bd1 Bb7 31. Ra5 Bd2+ 32. Kf1 Bxc3 33. Qe3 Bxd5 34. Ra7 Bd4 35. Qc1 Rxf2+ 36. Ke1 Qb4+ 0-1

[Event "*** Titled Tuesday Blitz"]
[Site "Chess.com"]
[Date "2018.10.02"]
[Round "1"]
[White "kleinebeer98"]
[Black "MikeSailer"]
[Result "1-0"]
[WhiteElo "2534"]
[BlackElo "2059"]
[TimeControl "180+2"]
[EndTime "13:07:30 PDT"]
[Termination "kleinebeer98 won by resignation"]

1. e4 d5 2. exd5 Qxd5 3. Nc3 Qd8 4. d4 Nf6 5. Nf3 Bg4 6. Be2 e6 7. O-O Be7 8. h3 Bh5 9. Bf4 O-O 10. Bh2 h6 11. Nb5 Na6 12. c4 c6 13. Nc3 Bd6 14. Ne5 Bxe2 15. Qxe2 Qe7 16. Rad1 Rad8 17. Rfe1 Nd7 18.
Ne4 Bb4 19. Rf1 Nf6 20. Ng3 Bd6 21. a3 c5 22. d5 exd5 23. Nf5 Qc7 24. Nxd6 Qxd6 25. Nxf7 Qd7 26. Nxd8 Rxd8 27. cxd5 Nxd5 28. Rfe1 Nac7 29. Bxc7 Qxc7 30. Rxd5 Rxd5 31. Qe8+ Kh7 32. Qe4+ 1-0

[Event "*** Titled Tuesday Blitz"]
[Site "Chess.com"]
[Date "2018.10.02"]
[Round "1"]
[White "Supernotar"]
[Black "Indianlad"]
[Result "0-1"]
[WhiteElo "2433"]
[BlackElo "2805"]
[TimeControl "180+2"]
[EndTime "13:07:32 PDT"]
[Termination "Indianlad won by checkmate"]

1. d4 Nf6 2. c4 e6 3. Nf3 d5 4. e3 a6 5. b3 c5 6. cxd5 exd5 7.
Be2 cxd4 8. Nxd4 Bb4+ 9. Bd2 Bd6 10. O-O O-O 11. Bc3 Ne4 12. Bb2 Nc6 13. Nd2 Ne5 14.
N2f3 Ng4 15. h3 Ngf6 16. Rc1 Bd7 17. Rc2 Qe7 18. Qd3 Rfe8 19. Rfc1 h5 20. Bf1 Rad8 21. a4 Bb4 22. Ne2 Bf5 23. Ned4 Bh7 24. Qd1 Bd6 25. Qe2 Nc5 26. Rd2 Nce4 27. Rdc2 Bb8 28. Ra1 Qd6 29. Ba3 Qd7 30. Rac1 g5 31. Nd2 g4 32. hxg4 hxg4 33.
g3 Ng5 34. Rc3 Be5 35. Qd1 Nfe4 36. Nxe4 dxe4 37. Bg2 Nf3+ 38. Bxf3 gxf3 39. Qf1 Qg4 40. Rc5 Bxg3 41. fxg3 Qxg3+ 42. Kh1 Qh4+ 43. Kg1 Kh8 44. Rg5 Qxg5+ 45. Kh2 Rg8 46. Qh3 Rg6 47. Nf5 Qg2+ 48. Qxg2 Rxg2+ 49. Kh3 Bxf5+ 50. Kh4 Rdg8 51. Bd6 R8g4+ 52.
Kh5 Bg6+ 53. Kh6 Rh4# 0-1

[Event "*** Titled Tuesday Blitz"]
[Site "Chess.com"]
[Date "2018.10.02"]
[Round "1"]
[White "Thjop"]
[Black "Thee-Chessboy"]
[Result "1-0"]
[WhiteElo "2614"]
[BlackElo "2306"]
[TimeControl "180+2"]
[EndTime "13:07:34 PDT"]
[Termination "Thjop won by resignation"]

1. e4 c5 2. Nf3 d6 3. Bb5+ Bd7 4. Bxd7+ Qxd7 5. O-O Nc6 6. c3 Nf6 7. d4 cxd4 8. cxd4 e6 9. d5 Ne5 10. Nxe5 dxe5 11. Nc3 h6 12. Be3 exd5 13. exd5 Bd6 14. h3 O-O 15. Qb3 a6 16. Na4 Qe7 17. Nb6 Rad8 18.
Rac1 Ne4 19. Qd3 f5 20. f3 Ng3 21. Rfe1 e4 22. Qd1 f4 23. Bf2 e3 24. Bxg3 fxg3 25. Qd4 Rfe8 26. Re2 Be5 27. Qe4 Qb4 28. Qxb4 1-0

[Event "*** Titled Tuesday Blitz"]
[Site "Chess.com"]
[Date "2018.10.02"]
[Round "1"]
[White "Keranke"]
[Black "LucaBrasi1968"]
[Result "1-0"]
[WhiteElo "2779"]
[BlackElo "2426"]
[TimeControl "180+2"]
[EndTime "13:07:39 PDT"]
[Termination "Keranke won by resignation"]

1. d4 f5 2. Bg5 g6 3. e4 fxe4 4.
Nc3 Bg7 5. Nxe4 Nf6 6. Ng3 c5 7.
dxc5 Qa5+ 8. Qd2 Qxc5 9. Nf3 Nc6 10. Bd3 O-O 11. c3 d6 12. h3 Be6 13. O-O Bd5 14.
Bxf6 Bxf6 15. Ne4 Bxe4 16. Bxe4 e6 17. Rfe1 d5 18. Bc2 Rae8 19. Re2 Re7 20. Rae1 Rfe8 21.
Qh6 Bg7 22. Qh4 Qd6 23. Ng5 Bf6 24. Qg4 Kg7 25. Nxe6+ Kg8 26. Nf4 d4 27. Nd5 Rxe2 28. Rxe2 Rxe2 29. Qxe2 dxc3 30. bxc3 Kg7 31. Nxf6 Qxf6 32.
Qe3 Qd6 33. Be4 b6 34. g3 Ne5 35. Kg2 a5 36. h4 Ng4 37. Qg5 Nf6 38. Bf3 Qa3 39. Qe5 Qxa2 40. g4 Qf7 41. g5 1-0

[Event "*** Titled Tuesday Blitz"]
[Site "Chess.com"]
[Date "2018.10.02"]
[Round "1"]
[White "Ziyamammadov"]
[Black "grzechu96"]
[Result "0-1"]
[WhiteElo "1915"]
[BlackElo "2505"]
[TimeControl "180+2"]
[EndTime "13:07:45 PDT"]
[Termination "grzechu96 won by resignation"]

1. e4 e5 2. Nf3 Nc6 3. d4 exd4 4. Nxd4 Nf6 5. Nc3 Bb4 6. Nxc6 bxc6 7. Bc4 Nxe4 8. O-O Bxc3 9. bxc3 O-O 10. Qf3 d5 11. Bd3 Re8 12. Be3 Qd6 13. c4 a5 14. Bxe4 dxe4 15. Qe2 Ba6 16. Qg4 Bxc4 17. Rfd1 Qe6 18. Qg3 Bxa2 19. Qxc7 a4 20. Rd6 Rec8 21. Rxe6 Rxc7 22.
Rxe4 Rd7 23. Rd4 Rxd4 24. Bxd4 Bc4 25. c3 a3 26. Bc5 a2 27. f3 Rb8 28. Bb4 c5 0-1

[Event "*** Titled Tuesday Blitz"]
[Site "Chess.com"]
[Date "2018.10.02"]
[Round "1"]
[White "vovachesss"]
[Black "mishanick"]
[Result "0-1"]
[WhiteElo "2461"]
[BlackElo "2869"]
[TimeControl "180+2"]
[EndTime "13:07:48 PDT"]
[Termination "mishanick won by resignation"]

1. e4 c5 2. Nf3 d6 3. Bb5+ Nd7 4. d4 cxd4 5. Qxd4 a6 6. Bxd7+ Bxd7 7. Nc3 e5 8. Qd3 h6 9. a4 Nf6 10. Nd2 Be6 11.
Nc4 Rc8 12. Ne3 Qc7 13. O-O Be7 14. Ned5 Bxd5 15. Nxd5 Qxc2 16. Nxf6+ Bxf6 17. Qxd6 Qxe4 18. Bd2 Rd8 19. Qb4 Rd4 20. Qc3 O-O 21. Rfe1 Qd5 22. Be3 Rd3 23. Qc7 e4 24. Rab1 Be5 25. Qe7 Bd6 26. Qh4 f5 27. Rbc1 f4 28. Bb6 Rd2 29. Qg4 Kh7 30. Bc7 Bc5 31. Kh1 Bxf2 32. Rf1 e3 33. Bxf4 Rd4 34. Rc7 Rf7 35. Rxf7 Qxf7 36. g3 Qd5+ 0-1

[Event "*** Titled Tuesday Blitz"]
[Site "Chess.com"]
[Date "2018.10.02"]
[Round "1"]
[White "OglazaOskar2005"]
[Black "bascheyaro"]
[Result "1-0"]
[WhiteElo "2399"]
[BlackElo "2691"]
[TimeControl "180+2"]
[EndTime "13:07:52 PDT"]
[Termination "OglazaOskar2005 won by resignation"]

1. c4 e6 2. d4 d5 3. Nc3 Nf6 4.
cxd5 exd5 5. Bg5 Nbd7 6. e3 c6 7. Qc2 Be7 8. Bd3 O-O 9. Nge2 Re8 10. O-O Nf8 11. Rae1 g6 12. f3 Ne6 13. Bh4 Ng7 14.
Bf2 Bd6 15. Ng3 Bd7 16. e4 dxe4 17. fxe4 Ng4 18. e5 Bf8 19. Bc4 Be6 20. Bxe6 Nxe6 21. Re4 Nxf2 22. Qxf2 Re7 23. h4 h5 24. Nge2 Rd7 25.
g4 hxg4 26. Rxg4 Bg7 27. Ne4 c5 28. h5 g5 29. h6 Bxh6 30. Nf6+ Kf8 31. Nxd7+ Qxd7 32. d5 Nf4 33. e6 Qxd5 34. Nxf4 gxf4 35. Qh4 Qxe6 36. Qh5 b6 37. Rh4 Bg7 38. Qf3 Bd4+ 39.
Kh2 Ke7 40. Qxa8 Be5 41. Qf3 Kd8 42. Rd1+ Kc7 43. Re1 Qf5 44. Rh5 Qxh5+ 45. Qxh5 1-0

[Event "*** Titled Tuesday Blitz"]
[Site "Chess.com"]
[Date "2018.10.02"]
[Round "1"]
[White "Bryakin_Mikhail"]
[Black "djano"]
[Result "1-0"]
[WhiteElo "2679"]
[BlackElo "2359"]
[TimeControl "180+2"]
[EndTime "13:07:52 PDT"]
[Termination "Bryakin_Mikhail won by resignation"]

1. d4 Nf6 2. c4 g6 3. Nc3 d5 4. Bg5 c5 5. Bxf6 exf6 6. cxd5 cxd4 7. Qxd4 Bg7 8. Nf3 O-O 9. e4 f5 10. e5 Nd7 11. Bb5 Qb6 12. Bxd7 Bxd7 13. Qxb6 axb6 14.
O-O-O Rfe8 15. Rhe1 b5 16. a3 g5 17. e6 fxe6 18. Ne5 Bxe5 19. Rxe5 exd5 20. Rexd5 b4 21. axb4 Be6 22. Rc5 Bb3 23. Rd7 Ra1+ 24. Kd2 Rf1 25.
Rxf5 Be6 26. Rxg5+ Kh8 27. Rxb7 Rxf2+ 28. Kd3 Bb3 29. Rgg7 Rd8+ 30. Ke3 Rxb2 31. Rxh7+ Kg8 32. Ne4 Bd5 33. Nf6+ Kf8 34. Rh8+ 1-0

[Event "*** Titled Tuesday Blitz"]
[Site "Chess.com"]
[Date "2018.10.02"]
[Round "1"]
[White "PowerThinking2650"]
[Black "Korchmar_Vasiliy"]
[Result "0-1"]
[WhiteElo "2349"]
[BlackElo "2668"]
[TimeControl "180+2"]
[EndTime "13:07:52 PDT"]
[Termination "Korchmar_Vasiliy won by resignation"]

1. e4 c5 2. Nf3 e6 3. d4 cxd4 4. Nxd4 a6 5. Nc3 d6 6. Bd3 Nf6 7. O-O Nbd7 8. f4 b5 9. f5 Qb6 10. Bxb5 axb5 11. fxe6 fxe6 12. Kh1 Ne5 13. Ndxb5 Be7 14.
Be3 Qb8 15. a4 O-O 16. b3 Bb7 17. Qd4 Nfg4 18. Bf4 Bc6 19. h3 Nf6 20. Rad1 Rd8 21. Bxe5 dxe5 22. Qc4 Qc8 23. Rxd8+ Bxd8 24. Nd6 Qd7 25. Rd1 Bb6 26. Ndb5 Qe8 27. Nd6 Qd7 28. Ndb5 Bxb5 29. axb5 Qe8 30. Qc6 Bd4 31. Na4 Qxc6 32. bxc6 Rc8 33. c3 Be3 34. Rd6 Kf7 35. b4 Nxe4 36.
Rd7+ Kf6 37. b5 Ra8 38. c7 Rxa4 39. g4 Rc4 40. Kg2 Bb6 41. Kf3 Ng5+ 42. Kg2 Rxc7 0-1

[Event "*** Titled Tuesday Blitz"]
[Site "Chess.com"]
[Date "2018.10.02"]
[Round "1"]
[White "Saitama_Hero"]
[Black "kasparik_garik"]
[Result "0-1"]
[WhiteElo "2221"]
[BlackElo "2560"]
[TimeControl "180+2"]
[EndTime "13:07:52 PDT"]
[Termination "kasparik_garik won by resignation"]

1. d4 Nf6 2. c4 g6 3. Nc3 Bg7 4. e4 O-O 5. f4 c5 6. d5 d6 7. Nf3 Bg4 8. Bd3 Nbd7 9. h3 Bxf3 10. Qxf3 e6 11. O-O exd5 12. cxd5 a6 13. a4 Re8 14.
Be3 Rc8 15. Kh1 c4 16. Bc2 Nc5 17. Bd4 Nfd7 18. Bxg7 Kxg7 19. Rae1 f6 20. h4 Qb6 21. e5 dxe5 22. f5 Qxb2 23. Re2 Qa3 24. fxg6 e4 25. Qg4 Qxc3 26. gxh7+ Kh8 27. Bxe4 Nxe4 28. Rxe4 Rxe4 29. Qxe4 Qd3 30. Qf4 c3 31. Rf3 c2 32. Rxd3 c1=Q+ 33. Qxc1 Rxc1+ 34. Kh2 Rc4 35. Re3 Ne5 36. Kh3 Rxa4 37.
d6 Rd4 38. Rb3 b5 39. Rc3 Kxh7 40. Rc7+ Kg6 0-1

[Event "*** Titled Tuesday Blitz"]
[Site "Chess.com"]
[Date "2018.10.02"]
[Round "1"]
[White "Last7Samurai"]
[Black "Vamostodorecto"]
[Result "1-0"]
[WhiteElo "2746"]
[BlackElo "2412"]
[TimeControl "180+2"]
[EndTime "13:07:56 PDT"]
[Termination "Last7Samurai won by resignation"]

1. e4 e6 2. d4 d5 3. Nd2 Nf6 4. e5 Nfd7 5. Bd3 c5 6. c3 Nc6 7. Ne2 cxd4 8. cxd4 f6 9. exf6 Nxf6 10. Nf3 Bd6 11. O-O O-O 12. Bf4 Nh5 13. Bxd6 Qxd6 14.
Rc1 Rxf3 15. gxf3 Bd7 16. Re1 Rf8 17. Ng3 Nf4 18. Bf1 e5 19. Rxc6 bxc6 20. Rxe5 Qg6 21.
Re7 Bh3 22. Bxh3 Nxh3+ 23. Kg2 Nf4+ 24. Kh1 h5 25. Qf1 h4 26. Ne2 Nd3 27. Re3 Nxb2 28. Qh3 Nd1 29. Qe6+ Qxe6 30. Rxe6 Nxf2+ 31. Kg2 Nd3 32. Rxc6 h3+ 33. Kg3 Re8 34. Nc3 Re3 35. Nxd5 Re2 36.
Kxh3 Rxa2 37. Kg3 a5 38. h4 a4 39. Ra6 Nb4 40. Nxb4 1-0

[Event "*** Titled Tuesday Blitz"]
[Site "Chess.com"]
[Date "2018.10.02"]
[Round "1"]
[White "gmcorrales"]
[Black "BasilSmash"]
[Result "0-1"]
[WhiteElo "2704"]
[BlackElo "2404"]
[TimeControl "180+2"]
[EndTime "13:07:59 PDT"]
[Termination "BasilSmash won by resignation"]

1. e4 c6 2. d4 d5 3. e5 Bf5 4. h4 h5 5. Bd3 Bxd3 6. Qxd3 Qa5+ 7.
Nd2 e6 8. Nf3 Qa6 9. c4 Ne7 10.
O-O Nf5 11. b3 Be7 12. g3 O-O 13. Kg2 c5 14. Bb2 Nc6 15. dxc5 Bxc5 16. a3 Rfd8 17. b4 dxc4 18. Qxc4 Qxc4 19. Nxc4 Bf8 20. Rac1 Rac8 21. Rc2 b5 22. Ncd2 Nce7 23. Rfc1 Rxc2 24. Rxc2 Nd5 25. Rc6 Nb6 26. Kf1 Na4 27. Bc1 Nb6 28. Ke2 Rc8 29.
Rxc8 Nxc8 30. Nd4 Nxd4+ 31. Kd3 Nc6 32. f4 g6 33. Ne4 Be7 34. Be3 Kf8 35. Nc3 a6 36.
Ne4 Ke8 37. Bc5 Bxc5 38. Nxc5 a5 39. bxa5 Nxa5 40. Kc3 Nc6 41. Ne4 Kd7 42. Ng5 Ke7 43. Ne4 Nb6 44. Nd6 Nd5+ 45. Kb2 Nd4 46. Kc1 Ne2+ 47.
Kc2 Nxg3 48. Nxb5 Ne2 49. a4 Nexf4 50. a5 Kd7 51. Kb3 Kc6 52. Nd6 Ng2 53. Kc4 Nxh4 54. Nb5 Nf3 0-1

[Event "*** Titled Tuesday Blitz"]
[Site "Chess.com"]
[Date "2018.10.02"]
[Round "1"]
[White "Benek77"]
[Black "KRASAVCHIK2002"]
[Result "1-0"]
[WhiteElo "2606"]
[BlackElo "2277"]
[TimeControl "180+2"]
[EndTime "13:07:59 PDT"]
[Termination "Benek77 won by resignation"]

1. e4 c5 2. Nf3 d6 3. d4 cxd4 4.
Nxd4 Nf6 5. Nc3 a6 6. Be2 e5 7.
Nb3 Be7 8. Be3 Be6 9. Nd5 Nxd5 10. exd5 Bf5 11. O-O O-O 12. Qd2 Nd7 13. Na5 Qc7 14. c4 Bg6 15. f4 exf4 16. Bxf4 Ne5 17. Rac1 Rac8 18. Kh1 h6 19. b4 b6 20. Nb3 Qd7 21. Nd4 Rfe8 22. h3 Ra8 23. Rce1 Bf8 24. Bxe5 dxe5 25. Bg4 Qd6 26. Nc6 e4 27. Qf2 a5 28.
a3 axb4 29. axb4 Qf6 30. Qxb6 Qc3 31. c5 e3 32. d6 Ra2 33. d7 e2 34. dxe8=Q exf1=Q+ 35. Rxf1 Qd2 36. Bf3 1-0

[Event "*** Titled Tuesday Blitz"]
[Site "Chess.com"]
[Date "2018.10.02"]
[Round "1"]
[White "W_Amadeus"]
[Black "dmosesov"]
[Result "1-0"]
[WhiteElo "2619"]
[BlackElo "2323"]
[TimeControl "180+2"]
[EndTime "13:08:02 PDT"]
[Termination "W_Amadeus won by resignation"]

1. e4 c5 2. Nf3 e6 3. d4 cxd4 4. Nxd4 Nf6 5. Nc3 d6 6. g4 h6 7. h3 Nc6 8. Be3 a6 9. Qd2 Be7 10. O-O-O Qc7 11. f4 Bd7 12. Bg2 O-O-O 13. Kb1 Kb8 14. Qf2 Rc8 15. e5 dxe5 16. Nxc6+ Bxc6 17. Bb6 Qxb6 18. Qxb6 Bxg2 19. fxe5 Bxh1 20. exf6 Bc5 21. Qa5 Bf3 22. fxg7 Rhg8 23. Rd3 Bg2 24. Na4 Ba7 25. Nb6 Bxb6 26. Qxb6 Rxg7 27. Rd8 Rg8 28. Rxc8+ Rxc8 29. Qf2 Rd8 30. Kc1 Bd5 31. Qxf7 Ka8 32. Qf6 Rc8 33. b3 Be4 34. c4 Bg2 35. Qxe6 Bxh3 36. Qxc8+ 1-0

[Event "*** Titled Tuesday Blitz"]
[Site "Chess.com"]
[Date "2018.10.02"]
[Round "1"]
[White "tony15051987"]
[Black "GCamachoMartinez"]
[Result "1-0"]
[WhiteElo "2606"]
[BlackElo "2282"]
[TimeControl "180+2"]
[EndTime "13:08:03 PDT"]
[Termination "tony15051987 won by checkmate"]

1. d4 d5 2. c4 dxc4 3. e3 Nf6 4. Bxc4 e6 5. Nf3 c5 6. O-O a6 7. Nc3 cxd4 8. exd4 b5 9. Bd3 Bb7 10. Bg5 Be7 11.
Qe2 O-O 12. Rad1 Nbd7 13. Ne5 Rc8 14. Bb1 Nb6 15. a3 Nbd5 16. Rd3 Nxc3 17. bxc3 g6 18. Rh3 Re8 19. Bxf6 Bxf6 20. Nxf7 Kxf7 21. Rxh7+ Bg7 22. Bxg6+ Kf8 23. Bxe8 Qxe8 24. Qg4 Qf7 25. h4 Bd5 26. h5 Kg8 27. Rh6 Qf5 28. Qxf5 exf5 29. Rxa6 Rxc3 30.
Re1 Rc8 31. Rd6 Bc4 32. h6 Bf8 33. Rd7 Bxa3 34. Re3 Bf8 35. Rg3+ Kh8 36. h7 b4 37. d5 b3 38. Rg8# 1-0

[Event "*** Titled Tuesday Blitz"]
[Site "Chess.com"]
[Date "2018.10.02"]
[Round "1"]
[White "Kirill_Klukin"]
[Black "ddtru"]
[Result "1-0"]
[WhiteElo "2602"]
[BlackElo "2268"]
[TimeControl "180+2"]
[EndTime "13:08:04 PDT"]
[Termination "Kirill_Klukin won by resignation"]

1. Nf3 d5 2. d4 Nf6 3. c4 c6 4. e3 Bf5 5. Nc3 e6 6. Nh4 Bg4 7. Qb3 Qc7 8. h3 Bh5 9. g4 Bg6 10. Nxg6 hxg6 11. Bg2 Be7 12. Bd2 Nbd7 13. Rc1 Qb6 14. Na4 Qxb3 15. axb3 g5 16. Ke2 O-O-O 17. Nc3 Kb8 18. c5 e5 19. Kd3 e4+ 20. Ke2 Nf8 21.
b4 a6 22. f3 exf3+ 23. Bxf3 Ng6 24. Be1 Rde8 25. Bg3+ Kc8 26. Kd3 Bd8 27. Rcf1 Bc7 28. Be1 Re7 29. Bd2 Rh7 30. Bd1 Re8 31. Rf5 Reh8 32.
Rxg5 Rxh3 33. Rxh3 Rxh3 34. Rf5 Nf4+ 35. Kc2 Ng2 36. g5 Ne8 37. Bg4 Rg3 38. Bd1 f6 39. gxf6 Nxf6 40. Rf3 Rxf3 41. Bxf3 Nh4 42. Be2 g5 43. e4 Nxe4 44. Nxe4 dxe4 45. Bxg5 Nf5 46. Bg4 Kb8 47. Bxf5 1-0

[Event "*** Titled Tuesday Blitz"]
[Site "Chess.com"]
[Date "2018.10.02"]
[Round "1"]
[White "albi1999"]
[Black "Fighterman91"]
[Result "0-1"]
[WhiteElo "2410"]
[BlackElo "2733"]
[TimeControl "180+2"]
[EndTime "13:08:09 PDT"]
[Termination "Fighterman91 won by resignation"]

1. d4 Nf6 2. Nf3 g6 3. g3 Bg7 4. Bg2 O-O 5. O-O d5 6. c4 dxc4 7. Ne5 Nc6 8. Nxc6 bxc6 9. Na3 Be6 10. Bf4 Bd5 11. f3 Be6 12. e4 Nd7 13. Qd2 Nb6 14. Rfd1 a5 15. Bh6 Qd6 16. Bxg7 Kxg7 17. Rac1 Qb4 18.
Qe2 Rfd8 19. f4 c3 20. Rxc3 Rxd4 21. Rdc1 Na4 22. Rxc6 Rd2 23. Qe3 Qxb2 24. R6c2 Rxc2 25. Rxc2 Qa1+ 26. Rc1 Qxa2 27. Qd4+ Kg8 28. Qxa4 Rb8 29. f5 Rb2 30. Bh1 Rxh2 31. Nc2 Qxa4 32. fxe6 Rxh1+ 33. Kxh1 Qxe4+ 34. Kh2 Qxe6 35. Re1 Qa2 36. Re2 Qc4 37.
Rf2 a4 0-1

[Event "*** Titled Tuesday Blitz"]
[Site "Chess.com"]
[Date "2018.10.02"]
[Round "1"]
[White "pedromartinez91"]
[Black "Gabrielian_Artur"]
[Result "0-1"]
[WhiteElo "2364"]
[BlackElo "2688"]
[TimeControl "180+2"]
[EndTime "13:08:12 PDT"]
[Termination "Gabrielian_Artur won by checkmate"]

1. e4 c5 2. Nf3 d6 3. Bb5+ Nc6 4. O-O Bd7 5. c3 Nf6 6. Re1 a6 7. Bf1 Bg4 8. d4 Bxf3 9. gxf3 cxd4 10. cxd4 d5 11.
e5 Ng8 12. e6 fxe6 13. Bh3 g6 14. Bxe6 Bg7 15. Nc3 Nf6 16. Bg5 Qd6 17. Bxf6 Bxf6 18. Nxd5 Bxd4 19. Rc1 Bxb2 20. Rb1 Be5 21. Rxb7 Rd8 22.
Qa4 Kf8 23. Nc7 Nd4 24. Bd5 Qf6 25. f4 Qxf4 26. Qxd4 Qxh2+ 27. Kf1 Bxd4 28. Ne6+ Kf7 29. Nxd8+ Kf6 30. Re6+ Kg5 31. Nf7+ Kf4 32. Rb4 Qxf2# 0-1

[Event "*** Titled Tuesday Blitz"]
[Site "Chess.com"]
[Date "2018.10.02"]
[Round "1"]
[White "biostatistician"]
[Black "Turkey-Champion"]
[Result "1-0"]
[WhiteElo "2579"]
[BlackElo "2258"]
[TimeControl "180+2"]
[EndTime "13:08:16 PDT"]
[Termination "biostatistician won by checkmate"]

1. d4 Nf6 2. Nf3 g5 3. Bxg5 Ne4 4. Bf4 d5 5. Nbd2 Bg7 6. e3 c5 7. c3 Qb6 8. Qb3 c4 9. Qxb6 axb6 10. Nxe4 dxe4 11.
Nd2 f5 12. Nxc4 Nd7 13. Be2 b5 14. Bh5+ Kf8 15. Ne5 Bxe5 16. dxe5 Nc5 17. O-O Be6 18. Rfd1 Kg7 19. Bg5 Nd3 20. Bxe7 Rhc8 21. a3 Nxb2 22. Rd6 Rc6 23. Bf6+ Kf8 24. Be2 Bc4 25. Bxc4 bxc4 26. Rd7 h6 27. Rxb7 Na4 28. Rh7 Raa6 29. Rc1 Rcb6 30.
h4 Nb2 31. Rxh6 Nd3 32. Ra1 Kf7 33. Rh7+ Kg6 34. Rg7+ Kh6 35. Rg5 f4 36. exf4 Nxf4 37. Rd1 Nd3 38. Rg4 Rxa3 39. Rxe4 Rc6 40. e6 Nc5 41. e7 Nxe4 42. e8=Q Rxf6 43. Qxe4 Rxc3 44. Qe5 Rd3 45. Qxf6+ Kh7 46. Re1 Rd7 47. h5 c3 48.
Qg6+ Kh8 49. Re8# 1-0

[Event "*** Titled Tuesday Blitz"]
[Site "Chess.com"]
[Date "2018.10.02"]
[Round "1"]
[White "Siemba"]
[Black "Antifish7"]
[Result "0-1"]
[WhiteElo "2054"]
[BlackElo "2529"]
[TimeControl "180+2"]
[EndTime "13:08:16 PDT"]
[Termination "Antifish7 won by resignation"]

1. e4 c5 2. Nf3 d6 3. d4 cxd4 4. Nxd4 Nf6 5. Nc3 a6 6. Be3 e5 7. Nb3 Be7 8. f3 Be6 9. Qd2 h5 10. O-O-O Nbd7 11. Nd5 Nxd5 12. exd5 Bf5 13. Bd3 Bxd3 14.
Qxd3 Rc8 15. g4 Bg5 16. h4 Bxe3+ 17. Qxe3 hxg4 18. fxg4 Rxh4 19. Qf2 Qg5+ 20. Kb1 Rxh1 21. Rxh1 Qxg4 22. Na5 Qb4 23. Nb3 Qe4 24. Rh8+ Nf8 25. Qh2 Rc4 26. a3 Ke7 27. Na5 Qe1+ 28. Ka2 Qxa5 29.
Qg2 Ng6 30. Rb8 Qc7 31. Rh8 Rxc2 32. Qg5+ f6 33. Qxg6 Qc4+ 34. Ka1 Rc1+ 35. Qb1 Rxb1+ 36. Kxb1 Qxd5 37. Ra8 e4 0-1

[Event "*** Titled Tuesday Blitz"]
[Site "Chess.com"]
[Date "2018.10.02"]
[Round "1"]
[White "senecacrane"]
[Black "SmoothAsAHedgehog"]
[Result "0-1"]
[WhiteElo "2184"]
[BlackElo "2545"]
[TimeControl "180+2"]
[EndTime "13:08:19 PDT"]
[Termination "SmoothAsAHedgehog won by checkmate"]

1. Nf3 Nf6 2. e3 e6 3. d4 b6 4. Bd3 Bb7 5. O-O c5 6. c4 Be7 7. Nc3 cxd4 8. exd4 O-O 9. d5 Bb4 10. Bg5 h6 11. Bxf6 Qxf6 12. Nb5 Qd8 13. a3 Bc5 14. Be4 Na6 15. b4 Be7 16. Rc1 Re8 17. Qe2 Bf8 18. d6 Bxe4 19. Qxe4 f5 20. Qd4 Qf6 21. Ne5 Red8 22.
Rfe1 g5 23. f4 Bg7 24. Qf2 Kh7 25. c5 bxc5 26. bxc5 gxf4 27. Qxf4 Rac8 28. c6 dxc6 29. Nxc6 Rd7 30. Qa4 Nb8 31. Ncxa7 Rxc1 32. Rxc1 Qg5 33. Rd1 Qe3+ 34. Kh1 f4 35. Qc2+ Kg8 36. Nc6 Nxc6 37. Qxc6 Rd8 38. d7 Bf6 39. Nd6 f3 40. gxf3 Qe2 41.
Rg1+ Kf8 42. Nc8 Be5 43. Qxe6 Qxh2# 0-1

[Event "*** Titled Tuesday Blitz"]
[Site "Chess.com"]
[Date "2018.10.02"]
[Round "1"]
[White "AvitalBor"]
[Black "nochewycandy"]
[Result "1-0"]
[WhiteElo "2548"]
[BlackElo "2187"]
[TimeControl "180+2"]
[EndTime "13:08:20 PDT"]
[Termination "AvitalBor won by resignation"]

1. Nf3 g6 2. g3 Bg7 3. Bg2 Nf6 4. O-O O-O 5. d4 c6 6. c3 d5 7. Nbd2 Nbd7 8. Re1 Re8 9. e4 dxe4 10. Nxe4 Nxe4 11.
Rxe4 Nf6 12. Re1 Qb6 13. Ne5 Be6 14. Qe2 Rad8 15. Bg5 Nd5 16. h3 Nc7 17. Be3 Nd5 18. Bd2 Qxb2 19. Rab1 Qa3 20. Rxb7 Nxc3 21. Bxc3 Qxc3 22.
Nxc6 Rd7 23. Rxd7 Bxd7 24. d5 Bxc6 25. dxc6 Bf6 26. Rd1 Kg7 27. Qa6 Be5 28. Qxa7 e6 29. Rd7 Rf8 30. c7 Qe1+ 31. Kh2 h5 32. h4 Qb4 33.
Rd8 Qxh4+ 34. Kg1 Qc4 35. Rxf8 Kxf8 36. Qa8+ 1-0